 Dungeon Crawl Stone Soup version 0.31-b1-22-gc680215f68 (webtiles) character file.

Game seed: 18259368273832889807

3751 Weaver the Covert (level 9, -5/39 HPs)
             Began as a Spriggan Enchanter on Jan 18, 2024.
             Slain by a sixfirhy (11 damage)
             ... summoned by a kobold demonologist
             ... on level 9 of the Dungeon.
             The game lasted 00:34:51 (4741 turns).

Weaver the Covert (Spriggan Enchanter)              Turns: 4741, Time: 00:34:53

Health: -5/39      AC:  3    Str:  4    XL:     9   Next: 93%
Magic:  6/22       EV: 22    Int: 20    God:
Gold:   497        SH:  0    Dex: 16    Spells: 16/24 levels left

rFire   . . .        e - +2 dagger (pain)
rCold   . . .        (no shield)
rNeg    . . .        b - +0 robe
rPois   .            (helmet restricted)
rElec   .            q - +0 cloak
rCorr   .            (gloves unavailable)
SInv    +            (boots unavailable)
Will    .....        d - amulet of regeneration
Stlth   +++++        (no ring)
HPRegen 1.06/turn    (no ring)
MPRegen 0.18/turn

%: no passive effects
@: about to teleport, weak-willed, very quick
A: very small, no large weapons, unfitting armour, see invisible, speed 3
a: no special abilities


You were on level 9 of the Dungeon.
You visited 1 branch of the dungeon, and saw 9 of its levels.

You collected 497 gold pieces.

Inventory:

Hand Weapons
 a - a +1 dagger
 e - a +2 dagger of pain (weapon)
 w - a +0 rapier of speed
 B - a +0 vampiric dagger
Missiles
 f - 21 poisoned darts (quivered)
 z - a curare-tipped dart
Armour
 b - a +0 robe (worn)
 q - a +0 cloak (worn)
Jewellery
 d - an amulet of regeneration (around neck)
 r - a +6 ring of dexterity
 x - a +5 ring of evasion
Talismans
 u - a blade talisman
Wands
 y - a wand of polymorph (8)
Scrolls
 g - 2 scrolls of noise
 h - a scroll of poison
 l - a scroll of amnesia {unknown}
 m - a scroll of summoning {unknown}
 n - a scroll of blinking {unknown}
 o - a scroll of vulnerability
 p - a scroll of fog {unknown}
 s - 2 scrolls of teleportation
 t - a scroll of fear {unknown}
 C - 2 scrolls of identify
Potions
 c - a potion of invisibility
 i - 3 potions of brilliance
 k - a potion of berserk rage
 v - a potion of degeneration {unknown}
 A - a potion of haste {unknown}
 D - a potion of attraction {unknown}


   Skills:
 + Level 7.0 Short Blades
 + Level 8.7 Dodging
 + Level 10.9 Stealth
 + Level 8.2 Spellcasting
 + Level 8.5 Hexes


You had 16 spell levels left.
You knew the following spells:

 Your Spells              Type           Power      Damage    Failure   Level
a - Ensorcelled Hibernat  Hex/Ice        50%        N/A       2%          2
b - Confusing Touch       Hex            42%        N/A       1%          3
c - Tukima's Dance        Hex            42%        N/A       1%          3

Your spell library contained the following spells:

 Spells                   Type           Power      Damage    Failure   Level
 Dazzling Flash           Conj/Hex       50%        N/A       4%          3
 Manifold Assault         Tloc           8%         N/A       63%         4
 Dispersal                Tloc           4%         N/A       100%        6
 Disjunction              Tloc           4%         N/A       100%        8


Dungeon Overview and Level Annotations

Branches:
Dungeon (9/15)
 Temple: D:4-7         Lair: D:8-11         Orc: D:9-12

Altars:
Kikubaaqudgha
Trog
Uskayaw
Vehumet
Xom

Shops:
D:1 (   D:7 *

Portals:
Bailey: D:7


Innate Abilities, Weirdness & Mutations

You are very small and have problems with some larger weapons.
You are too small for most types of armour.
You have supernaturally acute eyesight. (SInv)
You cover ground extremely quickly. (Speed+++)


Message History

You kill the howler monkey!
The orc hits you with a +0 flail.
You see here a howler monkey corpse.
You barely miss the orc. The orc completely misses you.
A kobold demonologist comes into view. It is wielding a +0 dagger.
You hit the orc but do no damage. You hit the orc.
The orc is lightly wounded.
The kobold demonologist gestures wildly while chanting.
The orc hits you with a +0 flail.
You hit the orc but do no damage.
The orc is lightly wounded.
The kobold hits you but does no damage. The orc misses you.
The kobold demonologist casts a spell.
You closely miss the orc.
The orc is lightly wounded.
The kobold misses you. The orc closely misses you.
The orc hits you with a +0 flail.
A kobold brigand comes into view.
It is wielding a +0 short sword and quivering poisoned darts.
The kobold brigand throws a poisoned dart.
The poisoned dart misses you.
Things that are here:
a +0 hand axe; a +0 short sword; a wyvern corpse
As you read the scroll labelled JIDEIKLE MUDATZ, it crumbles to dust.
Your body is wracked with pain!
The kobold brigand convulses!
It was a scroll of torment.
The kobold brigand throws a poisoned dart.
The poisoned dart closely misses you.
As you read the scroll labelled XEP AJEORGH, it crumbles to dust.
A wave of despondency washes over your surroundings.
It was a scroll of vulnerability.
The sixfirhy closely misses you.
As you read the scroll labelled QITHRE ARASAE, it crumbles to dust.
You feel strangely unstable.
It was a scroll of teleportation.
The sixfirhy hits you. The sixfirhy shocks you!
* * * LOW HITPOINT WARNING * * *
The sixfirhy misses you. The sixfirhy hits you.
* * * LOW HITPOINT WARNING * * *
The sixfirhy shocks you!
You die...

..#.# #.....# ....#
#.....#
..#.#######.....###
.##...†..)......#.#
###..######)....#.#
....## ####.....#.#
..#.## #..........#
.##..###.##...K...#
..##.##..#######@.#
Y.##.#..## #3.#
.Y##.#.## #..#
.......### #..#
.....K...# #o.#
......#..#######..#
###........K....K.#
####.#######3.....#
#....# #####..#


You could see a sixfirhy (summoned, weak-willed), a kobold brigand
(weak-willed), an orc (weak-willed) and a kobold.

Vanquished Creatures
  A komodo dragon (D:6)
  A troll (D:9)
  3 wyverns (D:9)
  6 yaks
  2 steam dragons
  A water moccasin (D:8)
  A sky beast (D:8)
  3 orc warriors
  An ogre (D:7)
  2 centaurs (D:8)
  3 kobold brigands (D:8)
  2 scorpions
  A gnoll sergeant (D:6)
  5 killer bees (D:8)
  4 howler monkeys
  An iguana (D:6)
  3 orc wizards (D:8)
  5 adders
  4 gnolls
  A shadow imp (D:8)
  A white imp (D:8)
  3 dart slugs (D:1)
  A ribbon worm (D:2)
  12 orcs
  8 ball pythons
  6 endoplasms
  3 giant cockroaches
  5 goblins
  6 hobgoblins
  A jackal (D:1)
  2 quokkas
  6 bats
  5 frilled lizards
  15 kobolds
  6 rats
130 creatures vanquished.

Vanquished Creatures (others)
  2 dancing weapons
2 creatures vanquished.

Grand Total: 132 creatures vanquished

Notes
Turn   | Place    | Note
-------+----------+-------------------------------------------
     0 | D:1      | Weaver the Spriggan Enchanter began the quest for the Orb.
     0 | D:1      | Reached XP level 1. HP: 9/9 MP: 5/5
    94 | D:1      | Found a faded altar of an unknown god.
   170 | D:1      | Reached XP level 2. HP: 13/13 MP: 6/6
   173 | D:1      | Learned a level 2 spell: Ensorcelled Hibernation
   341 | D:1      | Found Ituodud's Weapon Shop.
   769 | D:2      | Reached XP level 3. HP: 10/16 MP: 5/8
   929 | D:2      | Reached skill level 5 in Stealth
  1034 | D:2      | Learned a level 3 spell: Confusing Touch
  1038 | D:2      | Learned a level 3 spell: Tukima's Dance
  1369 | D:3      | Found an ancient bone altar of Kikubaaqudgha.
  1382 | D:3      | Reached XP level 4. HP: 21/21 MP: 10/10
  1772 | D:5      | Entered Level 5 of the Dungeon
  1922 | D:5      | Noticed a scorpion
  2005 | D:5      | Noticed a phantom
  2146 | D:6      | Reached XP level 5. HP: 24/24 MP: 11/11
  2374 | D:7      | Noticed an orc warrior
  2374 | D:7      | Noticed a black bear
  2519 | D:7      | Noticed a komodo dragon
  2529 | D:6      | Killed a komodo dragon
  2530 | D:6      | Reached skill level 6 in Stealth
  2530 | D:6      | Reached skill level 5 in Hexes
  2530 | D:6      | Reached XP level 6. HP: 28/28 MP: 9/13
  2625 | D:6      | Found a bloodstained altar of Trog.
  2625 | D:6      | Noticed an ice beast
  2797 | D:7      | Noticed an orc warrior
  2868 | D:6      | Reached skill level 5 in Dodging
  2868 | D:6      | Reached XP level 7. HP: 32/32 MP: 11/15
  2974 | D:7      | Found a flagged portal.
  2979 | D:7      | Reached skill level 7 in Stealth
  2986 | D:7      | Noticed a cyclops
  3044 | D:7      | Found Dufuisui's Lightly-Used Armoury.
  3111 | D:7      | Reached skill level 5 in Spellcasting
  3326 | D:8      | Noticed a slime creature
  3326 | D:8      | Noticed a slime creature
  3566 | D:9      | Noticed a steam dragon
  3583 | D:8      | Found a hide-covered altar of Uskayaw.
  3583 | D:8      | Found a radiant altar of Vehumet.
  3583 | D:8      | Found a shimmering altar of Xom.
  3689 | D:8      | Reached XP level 8. HP: 36/36 MP: 17/17
  3701 | D:8      | Reached skill level 8 in Stealth
  3756 | D:8      | Noticed a slime creature
  3838 | D:9      | Reached skill level 5 in Short Blades
  3961 | D:8      | Reached skill level 9 in Stealth
  4038 | D:8      | Reached XP level 9. HP: 39/39 MP: 15/20
  4270 | D:8      | HP: 1/39 [vampire mosquito (10)]
  4360 | D:9      | Noticed a troll
  4434 | D:8      | Reached skill level 10 in Stealth
  4629 | D:9      | Killed a troll
  4724 | D:9      | Noticed a kobold demonologist
  4727 | D:9      | Noticed a sixfirhy
  4741 | D:9      | Slain by a sixfirhy

Illustrated notes

Levels and vault maps discovered:
D:1:      shiori_arrival_maze, layout_basic, serial_shops,
          nicolae_shop_tiny_waterfront, ebering_ecumenical_altar_sacrificial
D:2:      minmay_recursive_quarters, layout_basic
D:3:      layout_basic, general_overflow_altar
D:4:      layout_cave_pools, minmay_temple_entry_glassed_door, uniq_grinder
D:5:      minmay_polygon_palace, layout_loops_ring
D:6:      layout_basic, mainiacjoe_overflow_six_doors_small
D:7:      layout_cave_pools, mainiacjoe_overflow_alcove_4, enter_bailey_5,
          grunt_ministairs_9, minmay_shop_damaged, lightli_minifort
D:8:      minmay_distorted_concentric_squares, layout_loops_ring,
          gammafunk_temple_overflow_claw
D:9:      layout_rooms, minmay_misc_feat_enclosed

Skill      XL: |  1  2  3  4  5  6  7  8  9 |
---------------+----------------------------+-----
Dodging        | 3 4 5 7 8 |  8.7
Spellcasting   | 3 4 5 6 8 |  8.2
Hexes          | 4 5 6 7 8 |  8.5
Stealth        | 5 6 7 9 10 | 10.9
Short Blades   | 2 3 4 5 7 |  7.0

Action                     |  1- 3 |  4- 6 |  7- 9 || total
---------------------------+-------+-------+-------++-------
  Melee: Dagger            |   105 |    52 |    90 ||   247
         Rapier            |       |     7 |   141 ||   148
         Punch             |       |       |     1 ||     1
   Cast: Ensorcelled Hiber |    11 |     8 |    55 ||    74
         Tukima's Dance    |       |       |     5 ||     5
         Confusing Touch   |       |       |     1 ||     1
    Use: Scroll            |       |       |     9 ||     9
         Potion            |       |       |     3 ||     3
   Stab: Sleeping          |    20 |    17 |    40 ||    77
         Invisible         |       |       |     2 ||     2
         Distracted        |       |       |     1 ||     1
 Armour: Robe              |    27 |    27 |    49 ||   103
         Skin              |       |       |    62 ||    62
  Dodge: Dodged            |    64 |    67 |   127 ||   258
